 Dungeon Crawl Stone Soup version 0.32-a0-872-g59262bdc9b (webtiles) character file.

Game seed: 8827996873084539208

7 Griffin23 the Trooper (level 1, 0/20 HPs)
             Began as a Minotaur Fighter on Mar 30, 2024.
             Was a Follower of Trog.
             Succumbed to an adder's poison
             ... on level 1 of the Dungeon.
             The game lasted 00:00:23 (677 turns).

Griffin23 the Trooper (Minotaur Fighter)             Turns: 677, Time: 00:00:24

Health: 0/20       AC:  7    Str: 20    XL:     1   Next: 83%
Magic:  0/0        EV:  8    Int:  5    God:    Trog [*.....]
Gold:   82         SH:  4    Dex:  9    Spells: 0/0 levels left

rFire   . . .        a - +0 long sword
rCold   . . .        c - +0 buckler
rNeg    . . .        b - +0 scale mail
rPois   .            (helmet restricted)
rElec   .            (no cloak)
rCorr   .            (no gloves)
SInv    .            (no boots)
Will    .....        (no amulet) Stlth
                     (no ring)
HPRegen 0.23/turn    (no ring)
MPRegen 0.07/turn

%: no passive effects
@: lethally poisoned (0 -> -4)
A: horns 2, retaliatory headbutt
a: Renounce Religion, Berserk


You were on level 1 of the Dungeon.
You worshipped Trog.
Trog was aware of your devotion.
You visited 1 branch of the dungeon, and saw 2 of its levels.

You collected 82 gold pieces.

Inventory:

Hand Weapons
 a - a +0 long sword (weapon)
Armour
 b - a +0 scale mail (worn)
 c - a +0 buckler (worn)
Scrolls
 e - a scroll of enchant armour {unknown}
 f - a scroll of teleportation {unknown}
 g - a scroll of silence {unknown}
Potions
 d - a potion of might


   Skills:
 + Level 3.7 Fighting
 * Level 2.7 Long Blades
 + Level 3.7 Armour
 + Level 3.7 Shields


You couldn't memorise any spells.
You didn't know any spells.
Your spell library was empty.

Dungeon Overview and Level Annotations

Branches:
Dungeon (2/15)

Altars:
Trog


Innate Abilities, Weirdness & Mutations

You have a pair of horns on your head.
You reflexively headbutt those who attack you in melee.


Message History

Found a scroll labelled GEUJUO HIDAGG, an orange potion and 16 gold pieces.
There is a stone staircase leading up here.
There are monsters nearby!
There are monsters nearby!
You miss the adder. The adder bites you but does no damage.
There are monsters nearby!
There are monsters nearby!
You barely miss the adder. The bat hits you. The adder closely misses you.
A ball python comes into view.
The bat hits you but does no damage. The adder bites you but does no damage.
The ball python moves out of view.
You hit the adder but do no damage. The bat hits you.
You block the adder's attack. The bat barely misses you.
You block the adder's attack.
You miss the adder. The bat barely misses you. The kobold barely misses you.
The adder bites you but does no damage.
A dart slug comes into view.
The bat hits you.
The endoplasm hits you but does no damage.
The kobold hits you but does no damage.
You hit the adder.
The adder is lightly wounded.
The bat barely misses you. You block the bat's attack. The adder bites you.
You are poisoned.
The adder poisons you! The endoplasm freezes you.
You are frozen.
The kobold hits you with a +0 short sword.
The adder bites you but does no damage. The bat hits you but does no damage.
You are too injured to fight recklessly!
You are too injured to fight recklessly!
You feel sick. The adder bites you but does no damage.
The endoplasm freezes you.
You are frozen.
* * * LOW HITPOINT WARNING * * *
The kobold hits you with a +0 short sword.
* * * LOW HITPOINT WARNING * * *
The bat hits you but does no damage.
You climb upwards.
You die...

.....##.#.######.# #)#
..##.###.........# #.#
..)###.##)....##.# #.#
###.##........##.# #.#
#..######...##.# #.#
###...........##.# #[#
.....##..........# #.#
#######...###..KJ# #.#
.........#...#.S@# #.#
######..#⌠.ß..#..# #.# #
##.###..ß.##.# #.# #
#.#⌠#_#...##.# #.####
######...#∩#⌠#.#.# #....#
....##.ß..######.# ####.#
..÷.##..ß.⌠#.###.#########.#
......#...#........).......#
....##.###...###.###########


You could see an adder, an endoplasm and a kobold.

Vanquished Creatures
  A ball python (D:1)
  2 hobgoblins (D:1)
  A quokka (D:1)
  2 kobolds (D:1)
6 creatures vanquished.

Notes
Turn   | Place    | Note
-------+----------+-------------------------------------------
     0 | D:1      | Griffin23 the Minotaur Fighter began the quest for the Orb.
     0 | D:1      | Reached XP level 1. HP: 19/19 MP: 0/0
   176 | D:1      | Found a faded altar of an unknown god.
   199 | D:1      | Prayed at the altar of an unknown god.
   199 | D:1      | Became a worshipper of Trog the Wrathful
   199 | D:1      | Reached * piety under Trog
   676 | D:2      | HP: 1/20 [kobold/+0 short sword (4)]
   677 | D:1      | Succumbed to an adder's poison

Illustrated notes

Levels and vault maps discovered:
D:1:      saegor_arrival_simple_a, layout_basic, shapermc_ecumenical_altar_venn,
          minmay_cut_off
D:2:      layout_loops_ring, uniq_crazy_yiuf_cottage

Action                     || total
---------------------------++-------
  Melee: Long sword        ||    30
         Headbutt          ||     2
 Armour: Scale mail        ||    31
  Dodge: Dodged            ||    13
  Block: Buckler           ||    13

Table legend: (Time is in decaauts)
 A = Elapsed time spent in this place.
 B = Non-inter-level travel time spent in this place.
 C = Inter-level travel time spent in this place.
 D = Time resting spent in this place.
 E = Time spent auto-exploring this place.
 F = Levels seen in this place.
 G = Mean time per level.
                   A        B        C        D        E       F      G
               +--------+--------+--------+--------+--------+-----+--------+
         Total |    685 |    638 |     47 |      0 |    569 |   2 |  342.5 |
       Dungeon |    685 |    638 |     47 |      0 |    569 |   2 |  342.5 |
               +--------+--------+--------+--------+--------+-----+--------+

Top non-repeatable levels by time:
     D:1: 677 daAuts
     D:2: 8 daAuts
